 Dungeon Crawl Stone Soup version 0.26.1-15-g04117e645d (webtiles) character file.

Game seed: 9708646581518594985

113 Shangti the Covered (level 4, -2/40 HPs)
             Began as a Minotaur Fighter on Mar 4, 2022.
             Slain by Maggie
             ... wielding a +0 halberd
              (11 damage)
             ... on level 6 of the Dungeon.
             The game lasted 00:39:46 (2781 turns).

Shangti the Covered (Minotaur Fighter)              Turns: 2781, Time: 00:39:47

Health: -2/40      AC: 10    Str: 18 (20) XL:     4   Next: 65%
Magic:  0/3        EV:  5    Int:  5      God:
Gold:   135        SH:  9    Dex: 10 (11) Spells: 3/3 levels left

rFire    . . .     SeeInvis .   a - +1 war axe
rCold    . . .     Faith    .   c - +0 kite shield
rNeg     . . .     Spirit   +   X - +0 chain mail
rPois    .         Reflect  .   (helmet unavailable)
rElec    .         Harm     .   (no cloak)
rCorr    .         Rampage  .   w - +0 pair of gloves
Will     +....     Rnd*Tele +   (no boots)
Stlth    ..........             I - amulet of guardian spirit
HPRegen  0.13/turn              p - ring of teleportation (curse)
MPRegen  0.08/turn              (no ring)

@: mesmerised, hasted, very quick
A: retaliatory headbutt, horns 3, strong-willed 1, MP-powered wands
a: no special abilities


You were on level 6 of the Dungeon.
You visited 1 branch of the dungeon, and saw 4 of its levels.

You collected 135 gold pieces.

Inventory:

Hand Weapons
 a - a +1 war axe (weapon)
 f - a +0 hunting sling
 g - a cursed +0 war axe
 o - a +0 mace
 F - a +0 trident
Missiles
 j - 28 arrows
 J - 9 bolts
 U - 17 sling bullets
 V - 5 silver boomerangs
Armour
 c - a +0 kite shield (worn)
 w - a +0 pair of gloves (worn)
 X - a +0 chain mail (worn)
Magical Staves
 O - an uncursed staff of fire
Jewellery
 p - a cursed ring of teleportation (left hand)
 I - an amulet of guardian spirit (around neck)
Wands
 Y - a wand of iceblast (4) (quivered)
Scrolls
 b - a scroll of fog {unknown}
 e - a scroll of remove curse {unknown}
 k - a scroll of identify
 E - a scroll of amnesia
Potions
 d - a potion of might
 q - 2 potions of mutation
 C - 2 potions of haste


   Skills:
 + Level 4.0 Fighting
 + Level 3.5 Axes
 + Level 0.7 Throwing
 + Level 4.6 Armour
 + Level 1.2 Dodging
 + Level 4.4 Shields


You had 3 spell levels left.
You didn't know any spells.
Your spell library was empty.

Dungeon Overview and Level Annotations

Branches:
Dungeon (3/15)

Altars:
Hepliaklqana
Trog

Annotations:
D:6 Maggie


Innate Abilities, Weirdness & Mutations

You reflexively headbutt those who attack you in melee.
You have a pair of large horns on your head.
You are strong-willed. (Will+)
You expend magic power (3 MP) to strengthen your wands.


Message History

The iceblast engulfs Maggie.
Maggie is lightly wounded.
Maggie hits you with a +0 halberd.
* * * LOW HITPOINT WARNING * * *
You cannot move away from Maggie!
Aiming: Iceblast
Press: ? - help, Shift-Dir - straight line The mass of ice explodes!
The iceblast engulfs Maggie!
Maggie is moderately wounded.
Unknown command.
Aiming: Iceblast
Press: ? - help, Shift-Dir - straight line The mass of ice explodes!
The iceblast engulfs Maggie!!
Maggie is severely wounded.
You block Maggie's attack.
You barely miss Maggie. Your headbutt misses Maggie.
Maggie is severely wounded.
Maggie practices a pose.
Maggie hits you with a +0 halberd!
You die...

#.............>.##
##...........#..#
#.........###.##
#.....######..#
####### ##.##
#..######
#####.......#
###...........#
#.....@.......#
.......@......##
......).......#
.............##
.............#
............##
............#
...........##


You could see Maggie (mesmerising).

Vanquished Creatures
  3 gnolls (D:3)
  A shadow imp (D:2)
  3 worms
  3 leopard geckos
  3 orcs
  11 bats
  A giant cockroach (D:1)
  8 goblins
  11 hobgoblins
  6 jackals (D:3)
  A quokka (D:2)
  2 ball pythons
  A frilled lizard (D:2)
  3 kobolds (D:2)
  8 rats
65 creatures vanquished.

Vanquished Creatures (others)
  18 plants (D:1)
18 creatures vanquished.

Grand Total: 83 creatures vanquished

Notes
Turn   | Place    | Note
-------+----------+-------------------------------------------
     0 | D:1      | Shangti the Minotaur Fighter began the quest for the Orb.
     0 | D:1      | Reached XP level 1. HP: 19/19 MP: 0/0
   690 | D:1      | Reached XP level 2. HP: 27/27 MP: 1/1
  1546 | D:2      | Reached XP level 3. HP: 31/33 MP: 2/2
  1661 | D:2      | Reached skill level 1 in Dodging
  2204 | D:2      | Gained mutation: You expend magic power (3 MP) to
                  | strengthen your wands. [potion of mutation]
  2204 | D:2      | Gained mutation: You have a pair of large horns on your
                  | head. [potion of mutation]
  2204 | D:2      | Gained mutation: You are strong-willed. (Will+) [potion of
                  | mutation]
  2288 | D:3      | Reached XP level 4. HP: 40/40 MP: 3/3
  2348 | D:3      | Found a bloodstained altar of Trog.
  2450 | D:3      | Found a hazy altar of Hepliaklqana.
  2733 | D:3      | You fall into a shaft and drop 3 floors!
  2766 | D:6      | Noticed Maggie
  2781 | D:6      | Slain by Maggie

Illustrated notes

Levels and vault maps discovered:
D:1:      denvon_arrival_planthouse, layout_basic, serial_bayou,
          serial_bayou_pond_b, serial_bayou_lagoon_a, serial_bayou_pond_c,
          serial_bayou_pond_e, serial_bayou_ford_a, bh_walls_and_bars
D:2:      layout_loops_ring, minmay_tetromino_o2
D:3:      layout_basic, lemuel_crystal_altar, general_overflow_altar
D:6:      layout_cave_pods, serial_shops, shop, uniq_maggie

Skill      XL: |  1  2  3 |
---------------+----------+-----
Armour         | 4 |  4.6
Axes           | 3 |  3.5
Fighting       | 4 |  4.0
Dodging        | 1 |  1.2
Shields        | 4 |  4.4
Throwing       | |  0.7

Action                   |  1- 3 |  4- 6 || total
-------------------------+-------+-------++-------
Melee: War axe           |   135 |    40 ||   175
       Headbutt          |    21 |     6 ||    27
Throw: Stone             |     1 |       ||     1
Evoke: Wand              |       |     3 ||     3
  Use: Potion            |     4 |     4 ||     8
       Scroll            |     4 |     3 ||     7
Armor: Scale mail        |    46 |     8 ||    54
       Chain mail        |       |     6 ||     6
Dodge: Dodged            |    36 |     8 ||    44
Block: Kite shield       |    56 |    19 ||    75
